 Dungeon Crawl Stone Soup version 0.22-a0-417-g1387785 (webtiles) character file.

148898 grindst0ne the Severer (level 18, -7/140 HPs)
             Began as a Human Artificer on May 13, 2018.
             Was the Champion of Nemelex Xobeh.
             Shot with an arrow by a naga sharpshooter (12 damage)
             ... on level 3 of the Snake Pit on May 14, 2018.
             The game lasted 02:11:03 (47655 turns).

grindst0ne the Severer (Human Artificer)           Turns: 47655, Time: 02:11:03

Health: -7/140     AC: 28    Str: 16    XL:     18   Next: 12%
Magic:  15/28      EV: 26    Int: 16    God:    Nemelex Xobeh [******]
Gold:   1096       SH:  6    Dex: 14    Spells: 17/17 levels left

rFire    + + .     SeeInvis .   a - +9 broad axe of Compound Interest {flame, +Inv rPois}
rCold    + . .     Gourm    .   O - +0 buckler of Eroawyixte {rC+}
rNeg     . . .     Faith    .   X - +2 chain mail {rF+}
rPois    +         Spirit   .   i - +2 hat
rElec    .         Reflect  .   r - +1 cloak
rCorr    .         Harm     .   T - +1 pair of gloves
MR       ++...                  k - +0 pair of boots
Stlth    ..........             F - amulet of the acrobat
HPRegen  0.33/turn              y - +6 ring of protection
MPRegen  0.21/turn              h - ring of the Leaf {rF+ MR+}

@: lethally poisoned (-7 -> -10)
A: mutation resistance 1, poison resistance
a: Triple Draw, Deal Four, Stack Five, Renounce Religion, Evoke Invisibility


You were on level 3 of the Snake Pit.
You worshipped Nemelex Xobeh.
Nemelex Xobeh was exalted by your worship.
You were not hungry.

You visited 4 branches of the dungeon, and saw 26 of its levels.
You visited 1 bazaar.
You also visited: Volcano.

You collected 2938 gold pieces.
You spent 1842 gold pieces at shops.

Inventory:

Hand Weapons
 a - the +9 broad axe of Compound Interest (weapon) {flame, +Inv rPois}
   (You found it on level 6 of the Lair of Beasts)

   It has been specially enchanted to burn those struck by it, causing extra
   injury to most foes and up to half again as much damage against particularly
   susceptible opponents.
   Big, fiery blades are also staple armaments of hydra-hunters.
   It protects you from poison.
   It lets you turn invisible.
Armour
 i - a +2 hat (worn)
 k - a +0 pair of boots (worn)
 r - a +1 cloak (worn)
 u - a +3 chain mail of poison resistance
 O - the +0 buckler of Eroawyixte (worn) {rC+}
   (You found it on level 1 of the Lair of Beasts)

   It protects you from cold.
 T - a +1 pair of gloves (worn)
 X - a +2 chain mail of fire resistance (worn)
Jewellery
 h - the ring of the Leaf (right hand) {rF+ MR+}
   (You found it on level 4 of the Lair of Beasts)

   [ring of protection from fire]

   It protects you from fire.
   It affects your resistance to hostile enchantments.
 y - a +6 ring of protection (left hand)
 C - an uncursed ring of see invisible
 F - an amulet of the acrobat (around neck)
Wands
 d - a wand of enslavement (12)
 E - a wand of iceblast (15)
 G - a wand of digging (33)
 Y - a wand of paralysis (5)
Scrolls
 c - 7 scrolls of remove curse
 n - 2 scrolls of identify
 t - a scroll of brand weapon
 x - 4 scrolls of fog
 J - 6 scrolls of enchant armour
 M - 2 scrolls of summoning
 R - 6 scrolls of teleportation
Potions
 g - 3 potions of magic
 j - 4 potions of agility
 l - a potion of experience {unknown}
 m - 3 potions of might
 q - 2 potions of mutation
 D - 2 potions of haste
 H - 9 potions of flight
 Z - a potion of resistance
Miscellaneous
 b - an ornate deck of escape {drawn: 2}
 e - an ornate deck of summoning {drawn: 2}
 o - a phantom mirror
 p - a plain deck of escape {drawn: 1}
 s - a legendary deck of escape {drawn: 4}
 v - a legendary deck of escape {drawn: 1}
 w - a legendary deck of escape
 z - a legendary deck of summoning {drawn: 2}
 I - a legendary deck of destruction {drawn: 2}
 K - an ornate deck of summoning {drawn: 3}
 L - a legendary deck of destruction
 N - an ornate deck of destruction {drawn: 3}
 P - a legendary deck of destruction {drawn: 1}
 Q - a plain deck of destruction {drawn: 4}
 S - a plain deck of summoning {drawn: 7}
 W - a legendary deck of escape
Comestibles
 f - 38 rations


   Skills:
 + Level 11.9 Fighting
   Level 1.0 Short Blades
 - Level 18.0 Axes
 - Level 5.2 Throwing
 + Level 11.2 Armour
 + Level 9.0 Dodging
 - Level 1.0 Stealth
 - Level 7.0 Shields
 - Level 4.3 Invocations
 - Level 14.0 Evocations


You had 17 spell levels left.
You didn't know any spells.
Your spell library contained the following spells:

 Spells                   Type           Power        Failure   Level  Hunger
 Cause Fear               Hex            #.........   100%        4    #####..
 Fireball                 Conj/Fire      #.........   100%        5    ######.
 Conjure Flame            Conj/Fire      #.......     100%        3    ####...
 Bolt of Magma            Conj/Fire/Erth #.........   100%        5    ######.
 Slow                     Hex            #.......     98%         2    ###....
 Confuse                  Hex            #.......     100%        3    ####...
 Throw Flame              Conj/Fire      #.....       98%         2    ###....
 Throw Frost              Conj/Ice       #.....       98%         2    ###....
 Mephitic Cloud           Conj/Pois/Air  #.......     100%        3    ####...
 Venom Bolt               Conj/Pois      #.........   100%        5    ######.
 Olgreb's Toxic Radiance  Pois           #.......     100%        4    #####..
 Animate Dead             Necr           N/A          100%        4    #####..
 Freeze                   Ice            #...         94%         1    ##.....
 Sticky Flame             Conj/Fire      #.......     100%        4    #####..
 Summon Ice Beast         Ice/Summ       #.......     100%        4    #####..
 Ozocubu's Armour         Chrm/Ice       #.......     100%        3    ####...
 Sting                    Conj/Pois      #...         94%         1    ##.....
 Tukima's Dance           Hex            #.......     100%        3    ####...
 Iron Shot                Conj/Erth      #.........   100%        6    #######
 Stone Arrow              Conj/Erth      #.....       100%        3    ####...
 Recall                   Summ/Tloc      N/A          100%        3    ####...
 Spider Form              Tmut/Pois      #.........   100%        3    ####...
 Blade Hands              Tmut           #.........   100%        5    ######.
 Ice Form                 Ice/Tmut       #.......     100%        4    #####..
 Death Channel            Necr           #.........   100%        6    #######
 Throw Icicle             Conj/Ice       #.......     100%        4    #####..
 Flame Tongue             Conj/Fire      #....        94%         1    ##.....
 Passwall                 Tmut/Erth      #.........   98%         2    ###....
 Sticks to Snakes         Tmut           #.......     98%         2    ###....
 Ensorcelled Hibernation  Hex/Ice        #.....       98%         2    ###....
 Corona                   Hex            #......      94%         1    ##.....
 Lee's Rapid Deconstruct  Erth           #.........   100%        5    ######.
 Sandblast                Erth           #.....       94%         1    ##.....
 Simulacrum               Ice/Necr       #.........   100%        6    #######
 Portal Projectile        Hex/Tloc       #.....       100%        3    ####...
 Petrify                  Tmut/Erth      #.......     100%        4    #####..
 Orb of Destruction       Conj           #.........   100%        7    #######
 Leda's Liquefaction      Hex/Erth       #.........   100%        4    #####..
 Inner Flame              Hex/Fire       #.......     100%        3    ####...
 Beastly Appendage        Tmut           #.....       94%         1    ##.....
 Iskenderun's Battlesphe  Conj/Chrm      #.......     100%        5    ######.
 Dazzling Spray           Conj/Hex       #.....       100%        3    ####...
 Spellforged Servitor     Conj/Summ      #.........   100%        7    #######
 Poisonous Vapours        Pois/Air       #.....       98%         2    ###....
 Borgnjor's Vile Clutch   Necr/Erth      #.........   100%        5    ######.


Dungeon Overview and Level Annotations

Branches:
Dungeon (15/15)            Temple (0/1) D:4            Lair (6/6) D:11
 Shoals (0/4) Lair:3        Snake (3/4) Lair:3        Slime (0/5) Lair:6
    Orc (2/2) D:12            Elf (0/3) Orc:2        Vaults (0/5) D:13
 Depths (0/5) D:15

Altars:
Dithmenos
Elyvilon
Gozag
Kikubaaqudgha
Makhleb
Nemelex Xobeh
Okawaru
Qazlal
Sif Muna
Uskayaw
Vehumet
Xom

Shops:
D:9 *   Orc:1 }   Orc:2 (*:[

Portals:
Trove: D:12 (give +4 storm dragon scales)

Annotations:
D:5 exclusion: 2 downstairs
D:8 exclusion: downstairs


Innate Abilities, Weirdness & Mutations

You are somewhat resistant to further mutation.
Your system is resistant to poisons. (rPois)


Message History

The naga sharpshooter magically shoots an arrow.
The arrow hits you!
* * * LOW HITPOINT WARNING * * *
The naga sharpshooter unwields an uncursed trident.
The naga sharpshooter wields an uncursed shortbow.
The naga sharpshooter shoots an arrow.
The arrow hits your killer bee!
Your killer bee dies!
Your killer bee's corpse disappears in a puff of smoke!
The wyvern bites you but does no damage.
You see here 2 arrows.
Okay, then.
You feel sick.
The naga sharpshooter spits poison at you.
The splash of poison hits your wyvern.
Your wyvern is poisoned.
The naga sharpshooter gestures wildly while chanting.
The naga sharpshooter magically shoots an arrow.
The arrow hits you!
You die...
Your body glows with a rainbow of weird colours and disappears.

.. ##.#... ...
#..... #.. ##...#
## .< #...#.N.#
###### #. ..
#....NN# #...[# #.
.#
#....#ยง#####.####
###. .#
..#..#.N##.##.##.#
#... .#
....##.Nl(.((l...#
#... .#
...#...###.##@##.#
#... .##..#..#.
####.######## ##...
.#..#..##.
###...##)..[# #....
.#.#..# ..
#(##.#####.####
#.... .#...# .#
#.##.##.##.##)#
#.... #....# ..
#.....).......#
####. #...##
#.##.##.##.##.# ##
#..>.#
####.#####.##)#####
# ##...#...# #....#
#...###...###


You could see 2 naga sharpshooters, a wyvern and a friendly wyvern.

Vanquished Creatures
  Nikola (Snake:2)
  Jorgrun (Snake:1)
  Rupert (Lair:5)
  Gastronok (D:10)
  Frances (Snake:1)
  2 nagarajas
  An orc warlord (Orc:1)
  Aizul (Snake:3)
  A stone giant (Orc:1)
  2 dire elephants (Lair:4)
  Josephine (Orc:2)
  A fire dragon (D:15)
  2 ice dragons (D:15)
  6 hydras
  2 vault guards (D:13)
  8 naga warriors
  3 catoblepae
  A centaur warrior (D:12)
  10 anacondas
  9 two-headed ogres
  The ghost of Verendum the Martial Artist, a journeyman TeFi of Okawaru (Lair:1)
  A hell hog (Orc:2)
  3 orc high priests (Orc:2)
  2 naga sharpshooters (Snake:3)
  6 shock serpents
  Sonja (D:10)
  Nergalle (D:12)
  3 salamander mystics
  A sun demon (Volcano)
  3 unseen horrors
  4 naga ritualists (Snake:3)
  A swamp dragon (Lair:6)
  Pikel (D:8)
  The ghost of pyroka the Blocker, a novice MiFi of Okawaru (D:6)
  4 orc knights
  4 orc sorcerers
  3 mana vipers
  A deep elf mage (D:14)
  A faun (Snake:3)
  7 ugly things
  A cyclops (D:12)
  14 salamanders
  3 manticores
  A moth of wrath (Snake:3)
  3 centaur zombies
  11 naga magi
  9 elephants
  2 guardian serpents (Snake:1)
  19 black mambas
  A torpor snail (Orc:2)
  7 spiny frogs
  2 rime drakes
  A yaktaur (D:15)
  The ghost of Mgcat the Caller, a novice MfSu of Sif Muna (D:7)
  5 efreet
  6 komodo dragons
  A freezing wraith (D:15)
  A queen bee (D:8)
  4 trolls
  5 polar bears (Lair:6)
  2 hornets
  Grinder (D:4)
  14 hippogriffs
  A wind drake (Orc:2)
  20 blink frogs
  A raiju (Lair:6)
  4 slime creatures
  A dream sheep (Lair:6)
  A shadow (D:11)
  51 yaks
  3 wraiths (Orc:2)
  A water elemental (D:11)
  3 wyverns
  4 fire elementals
  3 hungry ghosts
  5 vampire mosquitoes
  5 wargs
  2 steam dragons (Lair:6)
  8 basilisks
  3 chaos spawn (D:14)
  Menkaure (D:6)
  2 insubstantial wisps (Lair:4)
  3 soldier ants
  A swamp worm (Snake:3)
  21 nagas
  An acid dragon (D:11)
  9 hell hounds
  15 water moccasins
  2 elephant zombies (Lair:3)
  A hornet zombie (D:11)
  10 porcupines
  An ice beast (D:11)
  4 sky beasts
  10 black bears
  33 orc warriors
  A swamp drake (Lair:6)
  A necrophage (D:12)
  4 phantoms
  17 wolves
  8 centaurs
  20 ogres
  19 crocodiles
  9 bullfrogs
  A wyvern zombie (D:11)
  4 scorpions
  19 killer bees
  19 electric eels
  9 wights
  7 howler monkeys
  8 crimson imps
  2 quasits
  A basilisk zombie (Lair:3)
  20 orc priests
  4 hounds
  6 jellies
  2 centaur skeletons
  2 bullfrog skeletons
  A gnoll shaman (D:4)
  8 iguanas
  Ijyb (D:3)
  24 orc wizards
  9 worker ants
  A hound zombie (D:5)
  Robin (D:3)
  A hound skeleton (D:6)
  A worker ant zombie (D:8)
  7 gnolls
  15 adders
  A river rat (D:5)
  6 shadow imps
  6 oozes
  2 adder zombies (D:8)
  An adder skeleton (D:10)
  3 worms
  3 dart slugs
  7 leopard geckos
  78 orcs
  3 giant cockroaches
  14 goblins
  9 hobgoblins
  10 jackals
  5 quokkas
  3 ball pythons
  8 bats
  11 frilled lizards
  A jackal zombie (D:6)
  7 kobolds
  6 rats
  3 bushes (Lair:3)
  6 fungi
  11 plants
904 creatures vanquished.

Vanquished Creatures (collateral kills)
  A fire dragon (Lair:6)
  2 vault guards (D:13)
  An alligator (Lair:1)
  The ghost of Totori the Grappler, a journeyman VSTm of Okawaru (D:9)
  A naga sharpshooter (Snake:3)
  A skeletal warrior (D:13)
  A necromancer (Lair:3)
  An oklob plant (Lair:5)
  A manticore (Lair:3)
  A naga mage (Snake:3)
  2 black mambas
  Joseph (D:10)
  A spiny frog (Lair:4)
  A komodo dragon (Lair:3)
  The ghost of Pikaro the Cleaver, an amateur MiFi of Zin (D:4)
  5 polar bears (Lair:6)
  A hippogriff (Lair:3)
  A raiju (Lair:6)
  A water elemental (D:13)
  A steam dragon (Lair:6)
  2 wargs (Lair:6)
  2 vampire mosquitoes (D:13)
  An acid dragon (Lair:6)
  8 hell hounds
  An orc warrior (D:6)
  2 black bears (Lair:6)
  An ice beast (D:10)
  An ogre (D:7)
  5 wolves (Lair:6)
  A komodo dragon zombie (Lair:3)
  2 bullfrogs
  A killer bee (D:8)
  2 crimson imps
  A centaur skeleton (D:8)
  An iguana (Lair:6)
  2 orcs
  A fungus (Lair:5)
  A plant (Lair:6)
61 creatures vanquished.

Vanquished Creatures (others)
  A spark wasp (Snake:2)
  A two-headed ogre (D:8)
  A cyclops (D:13)
  A black mamba (Snake:3)
  A meliai zombie (D:15)
  A jelly (D:15)
  2 ball lightnings
  4 bushes (D:11)
  38 fungi
  33 plants
  9 toadstools (Lair:4)
92 creatures vanquished.

Grand Total: 1057 creatures vanquished

Notes
Turn   | Place    | Note
-------+----------+-------------------------------------------
     0 | D:1      | grindst0ne the Human Artificer began the quest for the Orb.
     0 | D:1      | Reached XP level 1. HP: 15/15 MP: 3/3
    82 | D:1      | Reached XP level 2. HP: 20/22 MP: 4/4
   323 | D:1      | Reached XP level 3. HP: 24/28 MP: 5/5
  1129 | D:2      | Found a faded altar of an unknown god.
  1194 | D:2      | Found a radiant altar of Vehumet.
  1506 | D:3      | Reached XP level 4. HP: 24/35 MP: 6/6
  1508 | D:3      | Reached skill level 1 in Shields
  1540 | D:3      | Found an iron altar of Okawaru.
  1797 | D:3      | Noticed Ijyb
  1813 | D:3      | Killed Ijyb
  1813 | D:3      | Reached XP level 5. HP: 32/42 MP: 7/7
  1855 | D:3      | Noticed Robin
  1883 | D:3      | Killed Robin
  1987 | D:3      | Found a deep blue altar of Sif Muna.
  2231 | D:4      | Gained mutation: Your system is resistant to poisons. (rPois) [potion of mutation]
  2231 | D:4      | Gained mutation: You are somewhat resistant to further mutation. [potion of mutation]
  2248 | D:4      | Reached XP level 6. HP: 16/49 MP: 8/8
  2497 | D:4      | Noticed Grinder
  2519 | D:4      | Noticed Pikaro's ghost (amateur MiFi)
  2524 | D:4      | Paralysed by Grinder for 3 turns
  2535 | D:4      | Killed Grinder
  2535 | D:4      | Reached skill level 5 in Fighting
  2535 | D:4      | Reached XP level 7. HP: 19/56 MP: 9/9
  3432 | D:4      | Found an ancient bone altar of Kikubaaqudgha.
  3433 | D:4      | Found a sparkling altar of Nemelex Xobeh.
  3458 | D:4      | Found a shadowy altar of Dithmenos.
  3585 | D:4      | Became a worshipper of Nemelex Xobeh the Trickster
  3774 | D:4      | Found a staircase to the Ecumenical Temple.
  3861 | D:5      | Entered Level 5 of the Dungeon
  3861 | D:5      | Received a gift from Nemelex Xobeh
  3881 | D:5      | Reached skill level 5 in Shields
  4186 | D:5      | Reached XP level 8. HP: 47/64 MP: 10/10
  4653 | D:5      | Found a white marble altar of Elyvilon.
  5507 | D:6      | Reached * piety under Nemelex Xobeh
  5522 | D:6      | Reached skill level 1 in Invocations
  5955 | D:6      | Noticed pyroka's ghost (novice MiFi)
  6421 | D:4      | Killed Pikaro's ghost
  6421 | D:4      | Reached skill level 5 in Evocations
  6589 | D:6      | Reached XP level 9. HP: 59/72 MP: 12/12
  6662 | D:6      | Killed pyroka's ghost
  6807 | D:6      | Noticed Menkaure
  6808 | D:6      | Found an opulent altar of Gozag.
  6819 | D:6      | Killed Menkaure
  7150 | D:6      | Reached skill level 1 in Armour
  7289 | D:6      | Found a stormy altar of Qazlal.
  8008 | D:7      | Received a gift from Nemelex Xobeh
  8044 | D:7      | Noticed Mgcat's ghost (novice MfSu)
  8148 | D:7      | Killed Mgcat's ghost
  8148 | D:7      | Reached XP level 10. HP: 69/82 MP: 15/15
  9435 | D:8      | Noticed a two-headed ogre
  9469 | D:8      | Reached ** piety under Nemelex Xobeh
  9559 | D:8      | Reached skill level 5 in Armour
  9999 | D:8      | Received a gift from Nemelex Xobeh
 10025 | D:8      | Reached skill level 10 in Fighting
 10140 | D:8      | Reached XP level 11. HP: 90/90 MP: 17/17
 10168 | D:9      | Noticed Totori's ghost (journeyman VSTm)
 10246 | D:9      | Killed Totori's ghost
 10263 | D:9      | Noticed Pikel
 10415 | D:9      | Found a hide-covered altar of Uskayaw.
 10440 | D:8      | Killed Pikel
 10677 | D:9      | Noticed a hand axe
 10677 | D:9      | Noticed a hand axe
 10692 | D:9      | Found Ajevubbu's General Store.
 11077 | D:10     | Entered Level 10 of the Dungeon
 13209 | D:10     | Received a gift from Nemelex Xobeh
 13213 | D:10     | Noticed Joseph
 13222 | D:10     | Killed Joseph
 13229 | D:10     | Noticed Gastronok
 13593 | D:10     | Noticed Sonja
 13611 | D:10     | Killed Sonja
 13867 | D:10     | Noticed a two-headed ogre
 13870 | D:10     | Noticed a two-headed ogre
 13904 | D:10     | Killed a two-headed ogre
 13904 | D:10     | Reached skill level 1 in Throwing
 13931 | D:10     | Killed a two-headed ogre
 14172 | D:10     | Killed Gastronok
 14172 | D:10     | Reached skill level 10 in Evocations
 14172 | D:10     | Reached XP level 12. HP: 62/100 MP: 19/19
 16066 | D:11     | Noticed a two-headed ogre
 16104 | D:11     | Killed a two-headed ogre
 16142 | D:11     | Found a staircase to the Lair.
 16175 | D:11     | Reached skill level 5 in Throwing
 16332 | D:11     | Reached *** piety under Nemelex Xobeh
 16993 | D:11     | Noticed a two-headed ogre
 17023 | D:11     | Killed a two-headed ogre
 17129 | D:11     | Received a gift from Nemelex Xobeh
 17513 | Lair:1   | Entered Level 1 of the Lair of Beasts
 17659 | Lair:1   | Noticed Verendum's ghost (journeyman TeFi)
 18074 | D:11     | Upgraded the game from 0.22-a0-414-gacd343e to 0.22-a0-417-g1387785
 18082 | Lair:1   | Killed Verendum's ghost
 18239 | Lair:1   | Received a gift from Nemelex Xobeh
 18256 | Lair:1   | Noticed a fire dragon
 18257 | Lair:1   | Noticed an alligator
 18257 | Lair:1   | a fire dragon changed into an alligator
 18279 | Lair:1   | Killed an alligator
 18317 | Lair:1   | Got a pitted buckler
 18328 | Lair:1   | Identified the cursed +0 buckler of Eroawyixte {rC+} (You found it on level 1 of the Lair of Beasts)
 18508 | Lair:1   | Reached XP level 13. HP: 98/106 MP: 21/21
 18576 | Lair:1   | Noticed an eight-headed hydra
 18608 | Lair:1   | Killed an eight-headed hydra
 18608 | Lair:1   | Reached skill level 10 in Armour
 18637 | Lair:1   | You fall through a shaft!
 19373 | Lair:2   | Reached **** piety under Nemelex Xobeh
 19527 | Lair:2   | Reached skill level 1 in Axes
 19594 | Lair:2   | Received a gift from Nemelex Xobeh
 19692 | Lair:2   | Reached skill level 2 in Axes
 20067 | Lair:2   | Reached skill level 5 in Dodging
 20327 | Lair:2   | Reached skill level 3 in Axes
 20613 | Lair:2   | Noticed a six-headed hydra
 20616 | Lair:2   | Killed a six-headed hydra
 20663 | Lair:2   | Reached skill level 4 in Axes
 20860 | Lair:2   | Received a gift from Nemelex Xobeh
 21036 | Lair:3   | Found a staircase to the Snake Pit.
 21728 | Lair:3   | Received a gift from Nemelex Xobeh
 21775 | Lair:3   | Found a staircase to the Shoals.
 21778 | Lair:3   | Reached skill level 5 in Axes
 22275 | Lair:4   | Noticed a catoblepas
 22288 | Lair:4   | Killed a catoblepas
 22336 | Lair:4   | Received a gift from Nemelex Xobeh
 22441 | Lair:4   | Found a dark tunnel.
 22447 | Volcano  | Entered a volcano
 22805 | Volcano  | Reached skill level 6 in Axes
 23291 | Lair:4   | Reached XP level 14. HP: 55/113 MP: 23/23
 23728 | Lair:4   | Found a runed door.
 23856 | Lair:4   | Got an ancient copper ring
 23858 | Lair:4   | Identified the ring of the Leaf {rF+ MR+} (You found it on level 4 of the Lair of Beasts)
 24410 | Lair:4   | Noticed a dire elephant
 24823 | Lair:4   | Reached skill level 7 in Axes
 24945 | Lair:4   | Noticed a dire elephant
 24961 | Lair:4   | Killed a dire elephant
 25289 | Lair:5   | Received a gift from Nemelex Xobeh
 25380 | Lair:5   | Reached ***** piety under Nemelex Xobeh
 26272 | Lair:5   | Noticed Rupert
 26297 | Lair:5   | Killed Rupert
 26525 | Lair:5   | Identified a scroll of acquirement
 26531 | Lair:5   | Got a pair of twisted gloves
 26542 | Lair:5   | Identified the +1 pair of gloves of Brilliance {Str+2 Slay-4 SInv} (You acquired it on level 5 of the Lair of Beasts)
 26980 | Lair:6   | Entered Level 6 of the Lair of Beasts
 26998 | Lair:6   | Reached skill level 8 in Axes
 27470 | Lair:6   | Found a staircase to the Slime Pits.
 28292 | Lair:6   | Received a gift from Nemelex Xobeh
 28489 | Lair:6   | Reached skill level 9 in Axes
 28836 | Lair:6   | Reached XP level 15. HP: 61/118 MP: 25/25
 28896 | Lair:6   | Got an ancient broad axe
 28897 | Lair:6   | Identified the +9 broad axe of Compound Interest {flame, +Inv rPois} (You found it on level 6 of the Lair of Beasts)
 29151 | Lair:6   | Received a gift from Nemelex Xobeh
 29297 | Lair:6   | Reached skill level 10 in Axes
 29989 | Lair:6   | Received a gift from Nemelex Xobeh
 30702 | D:12     | Reached skill level 11 in Axes
 30798 | D:12     | Noticed Nergalle
 30813 | D:12     | Killed Nergalle
 31001 | D:12     | Found a burning altar of Makhleb.
 31247 | D:12     | Received a gift from Nemelex Xobeh
 31288 | D:12     | Found a portal to a secret trove of treasure.
 31402 | D:12     | Reached skill level 12 in Axes
 31410 | D:12     | Found a staircase to the Orcish Mines.
 31430 | D:12     | Received a gift from Nemelex Xobeh
 31866 | D:13     | Found a gate to the Vaults.
 31941 | D:13     | Reached skill level 13 in Axes
 32011 | D:13     | Found a flickering gateway to a bazaar.
 32020 | Bazaar   | Entered a bazaar
 32025 | Bazaar   | Found Toitac's Gadget Shop.
 32034 | Bazaar   | Found Rautwid's General Store.
 32062 | Bazaar   | Found Qadatudd's General Store.
 32068 | Bazaar   | Found Pemarchu's Antique Weapon Shoppe.
 32071 | Bazaar   | Found Coolaj's Assorted Antiques.
 32089 | Bazaar   | Bought a scroll of enchant armour for 90 gold pieces
 32098 | Bazaar   | Bought a faintly humming chain mail for 218 gold pieces
 32108 | Bazaar   | Identified the +1 chain mail of Recklessness {+Inv rC- rCorr} (You bought it in a shop in a bazaar)
 32119 | Bazaar   | Bought 2 potions of heal wounds for 230 gold pieces
 32158 | Bazaar   | Bought 6 needles of confusion for 51 gold pieces
 32395 | D:13     | Received a gift from Nemelex Xobeh
 33326 | D:14     | Received a gift from Nemelex Xobeh
 33378 | D:14     | Found a shadowy altar of Dithmenos.
 33473 | D:14     | Reached XP level 16. HP: 124/125 MP: 26/26
 33627 | D:14     | Found the +1 mace of Variability {chaos}
 33628 | D:14     | Found a shimmering altar of Xom.
 33668 | D:14     | Reached ****** piety under Nemelex Xobeh
 33992 | D:15     | Entered Level 15 of the Dungeon
 34096 | D:15     | Received a gift from Nemelex Xobeh
 34149 | D:15     | Reached skill level 14 in Axes
 35090 | D:15     | Found a staircase to the Depths.
 35297 | Orc:1    | Entered Level 1 of the Orcish Mines
 35351 | Orc:1    | Received a gift from Nemelex Xobeh
 35584 | Orc:1    | Found Wedenwusko's Gadget Shoppe.
 36070 | Orc:2    | Entered Level 2 of the Orcish Mines
 36193 | Orc:1    | Reached skill level 15 in Axes
 36802 | Orc:2    | Found Wugysaemp's General Store.
 36803 | Orc:2    | Noticed Azrael
 37340 | Orc:2    | Noticed Azrael
 37340 | Orc:2    | Azrael changed into Azrael the hell hog
 37350 | Orc:2    | Killed Azrael the hell hog
 38107 | Orc:2    | Received a gift from Nemelex Xobeh
 38153 | Orc:2    | Found a staircase to the Elven Halls.
 38190 | Orc:2    | Found Yxaiw's Antique Weapon Shop.
 38467 | Orc:2    | Found Casohapa's Antique Armour Emporium.
 38484 | Orc:2    | Received a gift from Nemelex Xobeh
 38489 | Orc:2    | Bought an embroidered scarf for 264 gold pieces
 38489 | Orc:2    | Bought a transparent shield for 313 gold pieces
 38489 | Orc:2    | Identified the +0 shield "Ceenwuit" {rC+} (You bought it in a shop on level 2 of the Orcish Mines)
 38589 | Orc:2    | Found Kusosch's Book Emporium.
 38627 | Orc:2    | Noticed Josephine
 38638 | Orc:2    | Killed Josephine
 38638 | Orc:2    | Reached skill level 16 in Axes
 39099 | Orc:1    | Received a gift from Nemelex Xobeh
 39238 | Orc:1    | Bought a wand of digging (22) for 676 gold pieces
 39446 | Snake:1  | Entered Level 1 of the Snake Pit
 39908 | Snake:1  | Noticed Frances
 39922 | Snake:1  | Killed Frances
 40271 | Snake:1  | Reached XP level 17. HP: 99/131 MP: 27/27
 41213 | Snake:1  | Reached skill level 17 in Axes
 41543 | Snake:1  | HP: 5/131 [salamander/halberd of venom (5)]
 42139 | Snake:2  | Noticed Jorgrun
 42548 | Snake:1  | Killed Jorgrun
 43087 | Snake:2  | Noticed Nikola
 43356 | Snake:2  | Killed Nikola
 43356 | Snake:2  | Reached skill level 18 in Axes
 43360 | Snake:2  | Noticed Louise
 43595 | Snake:2  | Noticed Louise
 43595 | Snake:2  | Louise changed into Louise the spark wasp
 43598 | Snake:2  | Killed Louise the spark wasp
 44347 | Snake:2  | Received a gift from Nemelex Xobeh
 44678 | Snake:3  | Noticed Aizul
 44703 | Snake:3  | Killed Aizul
 45061 | Snake:3  | HP: 4/131 [shock serpent/bolt of electricity (28)]
 45938 | Snake:3  | HP: 6/131 [naga sharpshooter/bolt (4)]
 47223 | Snake:3  | Reached XP level 18. HP: 132/139 MP: 28/28
 47612 | Snake:3  | Received a gift from Nemelex Xobeh
 47654 | Snake:3  | HP: 6/140 [naga sharpshooter/arrow (11)]
 47655 | Snake:3  | Shot with an arrow by a naga sharpshooter

Vault maps used:
D:1:      nicolae_arrival_washed_ashore
D:2:      vehumet_crystals, chequers_ecumenical_altar_lobes
D:3:      okawaru_gym_becter, lemuel_coloured_pillars_altar, uniq_robin,
          uniq_ijyb
D:4:      kennysheep_little_box, gammafunk_temple_overflow_pools,
          minmay_temple_entry_crystal_x, first_ration, uniq_grinder
D:5:      elyvilon_altar_3, minmay_lizard_king
D:6:      nicolae_qazlal_style_of_elements, basic_altar, uniq_menkaure
D:7:      lightli_corner_chamber
D:8:      supply_closet_lemuel, david_nohive_1
D:9:      dancing_weapons_uskayaw, serial_shops, shop, uniq_pikel
D:10:     erik_rubicon_a, st_stairs_13, uniq_sonja, uniq_joseph, uniq_gastronok
D:11:     minmay_lair_entry_grove, hive_lemuel
D:12:     orc_0_dummy, enter_trove_3, serial_column_ruins, column_ruins_hut,
          column_ruins_temple_circle, column_ruins_open_large,
          column_ruins_corridor_straight, column_ruins_columns_straight,
          column_ruins_corridor_straight, column_ruins_open_small,
          column_ruins_open_tiny, uniq_nergalle
D:13:     lightli_vaults_fourway_checkpoint, serial_shops, bzr_firewalk,
          eino_curves_01
D:14:     nicolae_dithmenos_shadow_blocks, minmay_guarded_unrand_variability
D:15:     grunt_enter_depths_hoard, eino_curves_02
Lair:1:   dragon1_lemuel, infiniplex_staircase_pool
Lair:3:   pond_and_an_island_with_a_cottage, minmay_shoals_entry_beasts,
          minmay_snake_entry_guardpost_small, minmay_hedge_maze,
          fungi_pond_lemuel
Lair:4:   gammafunk_lair_enchanted_lake, nicolae_volcano_entry_hallway, pond
Lair:5:   uniq_rupert
Lair:6:   hangedman_lair_caniforms_friends, guppyfry_lair_end_dragon,
          nicolae_slime_entry_slimehenge, columned_hall_lemuel,
          nicolae_lair_grove_arrangements, nicolae_quartered_pool_little,
          minmay_stone_trees_small
Snake:1:  uniq_frances
Snake:2:  uniq_nikola, uniq_jorgrun, uniq_louise
Snake:3:  hangedman_cross_veins, spider_trap, grunt_ministairs_3, uniq_aizul
Orc:1:    nicolae_orc_accident_1, serial_shops,
          nicolae_shop_competitors_out_of_business, mumra_transporter_accident
Orc:2:    grunt_orc_gardens, grunt_orc_garden, grunt_orc_garden,
          grunt_orc_garden, grunt_orc_garden, uniq_azrael, uniq_josephine
Bazaar:   bazaar_kb_twisted_cavern
Volcano:  volcano_pools

Skill      XL: |  1  2  3  4  5  6  7  8  9 10 11 12 13 14 15 16 17 18 |
---------------+-------------------------------------------------------+-----
Fighting       | 2 3 4 5 6 7 8 10 11 | 11.9
Shields        | 1 2 4 5 7 |  7.0
Evocations     | 5 7 8 10 11 12 13 14 | 14.0
Invocations    | 2 4 |  4.3
Armour         | 3 5 8 9 10 11 | 11.2
Throwing       | 3 5 |  5.2
Dodging        | 3 7 8 9 |  9.0
Axes           | 6 9 13 16 18 | 18.0
Short Blades   | |  1.0
Stealth        | |  1.0

Action                   |  1- 3 |  4- 6 |  7- 9 | 10-12 | 13-15 | 16-18 || total
-------------------------+-------+-------+-------+-------+-------+-------++-------
Melee: Short sword       |    20 |       |       |       |       |       ||    20
       Dagger            |    96 |   157 |   570 |  1227 |    45 |       ||  2095
       War axe           |       |       |       |       |   843 |       ||   843
       Broad axe         |       |       |       |       |   410 |   979 ||  1389
 Fire: Blowgun           |       |       |       |    35 |     6 |       ||    41
Throw: Tomahawk          |       |       |       |     3 |     1 |       ||     4
       Throwing net      |       |       |       |     1 |       |       ||     1
 Abil: Evoke Invisibilit |       |       |       |       |     1 |     3 ||     4
Evoke: Wand              |       |     9 |    26 |    23 |    19 |    13 ||    90
       Deck              |       |       |    10 |    18 |    26 |    59 ||   113
  Use: Scroll            |       |     7 |     6 |    15 |    13 |     7 ||    48
       Potion            |       |     4 |     1 |     9 |     6 |     6 ||    26
 Stab: Sleeping          |     3 |       |       |       |       |       ||     3
       Paralysed         |       |       |    17 |       |     2 |       ||    19
       Distracted        |       |       |       |     1 |     1 |     2 ||     4
       Petrified         |       |       |       |       |       |     1 ||     1
       Invisible         |       |       |       |       |       |     8 ||     8
  Eat: Chunk             |     2 |     3 |    17 |    21 |    45 |    22 ||   110
       Ration            |       |       |     3 |     6 |     2 |     7 ||    18
Armor: Leather armour    |    35 |    42 |    52 |       |       |       ||   129
       Skin              |       |    27 |     5 |       |       |       ||    32
       Chain mail        |       |       |   144 |   645 |   859 |   466 ||  2114
       Fire dragon scale |       |       |       |       |     8 |       ||     8
Dodge: Dodged            |    82 |    69 |   240 |   377 |   773 |   445 ||  1986
Block: Buckler           |     9 |    52 |   198 |   398 |   592 |   223 ||  1472

Table legend:
 A = Spawn XP
 B = Non-spawn XP
 C = Spawn XP percentage of total XP
 D = Spawn monster count
 E = Non-spawn monster count
 F = Spawn count percentage of total count
 G = Total turns spent on level
                    A         B        C        D         E        F      G
               +---------+---------+-------+---------+---------+-------+---------
         Total |       0 |  212712 |   0.0 |       0 |     946 |   0.0 | 47655
               +---------+---------+-------+---------+---------+-------+---------
           D:1 |       0 |      41 |   0.0 |       0 |      24 |   0.0 |   922
           D:2 |       0 |       9 |   0.0 |       0 |       6 |   0.0 |   466
           D:3 |       0 |     151 |   0.0 |       0 |      37 |   0.0 |  1437
           D:4 |       0 |     883 |   0.0 |       0 |      27 |   0.0 |  1403
           D:5 |       0 |     613 |   0.0 |       0 |      36 |   0.0 |  2114
           D:6 |       0 |    1901 |   0.0 |       0 |      33 |   0.0 |  1527
           D:7 |       0 |    1527 |   0.0 |       0 |      27 |   0.0 |  1325
           D:8 |       0 |    3792 |   0.0 |       0 |      39 |   0.0 |  1417
           D:9 |       0 |    1035 |   0.0 |       0 |       6 |   0.0 |   466
          D:10 |       0 |    6562 |   0.0 |       0 |      25 |   0.0 |  3409
          D:11 |       0 |    7213 |   0.0 |       0 |      55 |   0.0 |  3474
          D:12 |       0 |   13156 |   0.0 |       0 |      47 |   0.0 |  1223
          D:13 |       0 |    7678 |   0.0 |       0 |      26 |   0.0 |   942
          D:14 |       0 |    9802 |   0.0 |       0 |      33 |   0.0 |  1084
          D:15 |       0 |    9552 |   0.0 |       0 |      25 |   0.0 |  1254
        Lair:1 |       0 |    5493 |   0.0 |       0 |      19 |   0.0 |  1438
        Lair:2 |       0 |    6858 |   0.0 |       0 |      32 |   0.0 |  1752
        Lair:3 |       0 |    2634 |   0.0 |       0 |      16 |   0.0 |  1519
        Lair:4 |       0 |   10842 |   0.0 |       0 |      33 |   0.0 |  2438
        Lair:5 |       0 |    8537 |   0.0 |       0 |      25 |   0.0 |  2475
        Lair:6 |       0 |   21547 |   0.0 |       0 |     123 |   0.0 |  2520
       Snake:1 |       0 |   22315 |   0.0 |       0 |      36 |   0.0 |  3969
       Snake:2 |       0 |   18634 |   0.0 |       0 |      26 |   0.0 |  2404
       Snake:3 |       0 |   28593 |   0.0 |       0 |      47 |   0.0 |  1836
         Orc:1 |       0 |    9627 |   0.0 |       0 |      61 |   0.0 |  2943
         Orc:2 |       0 |   10557 |   0.0 |       0 |      75 |   0.0 |  1107
       Volcano |       0 |    3160 |   0.0 |       0 |       7 |   0.0 |   644
               +---------+---------+-------+---------+---------+-------+---------
